 Dungeon Crawl Stone Soup version 0.31-a0-267-g3fc6992b3b (webtiles) character file.

Game seed: 12641826962148438462

6 British0li the Sneak (level 1, -4/18 HPs)
             Began as a Demonspawn Delver on July 14, 2023.
             Slain by a phantom (7 damage)
             ... on level 4 of the Dungeon.
             The game lasted 00:00:20 (201 turns).

British0li the Sneak (Demonspawn Delver)             Turns: 201, Time: 00:00:21

Health: -4/18      AC:  3    Str: 12    XL:     1   Next: 75%
Magic:  1/1        EV: 11    Int: 11    God:
Gold:   27         SH:  0    Dex: 14    Spells: 0/0 levels left

rFire   . . .        a - +0 falchion
rCold   . . .        (no shield)
rNeg    . . .        b - +0 leather armour
rPois   .            (no helmet)
rElec   .            (no cloak)
rCorr   .            (no gloves)
SInv    .            (no boots)
Will    .....        (no amulet)
Stlth   ++           (no ring)
HPRegen 0.23/turn    (no ring)
MPRegen 0.07/turn

%: no passive effects
@: no status effects
A: no striking features
a: no special abilities


You were on level 4 of the Dungeon.
You visited 1 branch of the dungeon, and saw 2 of its levels.

You collected 27 gold pieces.

Inventory:

Hand Weapons
 a - a +0 falchion (weapon)
Armour
 b - a +0 leather armour (worn)
Wands
 g - a wand of digging (3)
Scrolls
 c - a scroll of fog
 d - a scroll of revelation
 e - a scroll of fear
Potions
 f - a potion of haste
 h - a potion of brilliance {unknown}


   Skills:
 + Level 3.1 Fighting
 + Level 2.0 Long Blades
 + Level 0.1 Armour
 + Level 1.9 Dodging
 - Level 4.5 Stealth


You couldn't memorise any spells.
You didn't know any spells.
Your spell library was empty.

Dungeon Overview and Level Annotations

Branches:
Dungeon (5/15)
 Temple: D:4-7

Altars:
Kikubaaqudgha


Message History

You are too injured to fight recklessly!
You are too injured to fight recklessly!
You are too injured to fight recklessly!
You are too injured to fight recklessly!
You are too injured to fight recklessly!
You are too injured to fight recklessly!
You are too injured to fight recklessly!
You are too injured to fight recklessly!
You are too injured to fight recklessly!
You are too injured to fight recklessly!
You miss the phantom.
The phantom is lightly damaged.
The phantom misses you.
You closely miss the phantom.
The phantom is lightly damaged.
The phantom barely misses you.
You completely miss the phantom.
The phantom is lightly damaged.
The phantom barely misses you.
You barely miss the phantom.
The phantom is lightly damaged.
The phantom hits you.
* * * LOW HITPOINT WARNING * * *
You closely miss the phantom.
The phantom is lightly damaged.
The phantom closely misses you. The phantom hits you.
* * * LOW HITPOINT WARNING * * *
You miss the phantom.
The phantom is lightly damaged.
The phantom hits you but does no damage.
You slash the phantom!
The phantom is heavily damaged.
The phantom completely misses you.
You hit the phantom.
The phantom is heavily damaged.
The phantom closely misses you.
You closely miss the phantom.
The phantom is heavily damaged.
The phantom hits you!
You die...

###########
#.W.......#
#..@......#
#.........#
#.........#
#.........#
#########......>..#
#...#.....#########
#...#.....#......#
#...#.....#......#
#...#.....#......#


You could see a phantom.

Vanquished Creatures
  A bat zombie (D:5)
  2 jackals (D:4)
  3 rat zombies (D:5)
6 creatures vanquished.

Notes
Turn   | Place    | Note
-------+----------+-------------------------------------------
     0 | D:5      | British0li the Demonspawn Delver began the quest for the
                  | Orb.
     0 | D:5      | Reached XP level 1. HP: 18/18 MP: 1/1
    33 | D:5      | Found an ancient bone altar of Kikubaaqudgha.
   183 | D:4      | Noticed a phantom
   201 | D:4      | Slain by a phantom

Illustrated notes

Levels and vault maps discovered:
D:4:      layout_gridville, uniq_natasha
D:5:      layout_cave_pods, mainiacjoe_overflow_concentric_impassable,
          mainiacjoe_overflow_divided_tiny, lemuel_zombie_altar_kikubaaqudgha,
          minmay_temple_entry_hall, uniq_edmund

Skill      XL: |  1 |
---------------+----+-----
Long Blades    | 2 |  2.0
Fighting       | |  3.1
Armour         | |  0.1
Dodging        | |  1.9
Stealth        | |  4.5

Action                     || total
---------------------------++-------
  Melee: Falchion          ||    29
         Punch             ||     1
 Armour: Leather armour    ||    11
  Dodge: Dodged            ||    37

Table legend: (Time is in decaauts)
 A = Elapsed time spent in this place.
 B = Non-inter-level travel time spent in this place.
 C = Inter-level travel time spent in this place.
 D = Time resting spent in this place.
 E = Time spent auto-exploring this place.
 F = Levels seen in this place.
 G = Mean time per level.
                   A        B        C        D        E       F      G
               +--------+--------+--------+--------+--------+-----+--------+
         Total |    206 |    206 |      0 |      0 |    139 |   2 |  103.0 |
       Dungeon |    206 |    206 |      0 |      0 |    139 |   2 |  103.0 |
               +--------+--------+--------+--------+--------+-----+--------+

Top non-repeatable levels by time:
     D:4: 110 daAuts
     D:5: 96 daAuts
